 Dungeon Crawl Stone Soup version 0.29-a0-994-gc5c9f59d18 (webtiles) character file.

Game seed: 7191766835088245254

7441 Bl4cKSa5uke the Spear-Bearer (level 11, -21/71 HPs)
             Began as a Tengu Monk on Aug 3, 2022.
             Was an Elder of the Shining One.
             Killed from afar by a deep elf pyromancer (29 damage)
             ... with a bolt of fire
             ... on level 9 of the Dungeon.
             The game lasted 00:15:56 (10879 turns).

Bl4cKSa5uke the Spear-Bearer (Tengu Monk)          Turns: 10879, Time: 00:15:57

Health: -21/71     AC: 23    Str: 23    XL:     11   Next: 15%
Magic:  14/14      EV:  5    Int: 10    God:    the Shining One [****..]
Gold:   448        SH: 11    Dex: 16    Spells: 10/10 levels left

rFire   . . .      SeeInvis .   a - +0 trident (venom)
rCold   . . .      Faith    .   o - +0 tower shield
rNeg    + + .      Spirit   .   g - +0 plate armour
rPois   .          Reflect  .   t - +1 hat
rElec   .          Harm     .   r - +2 cloak
rCorr   .          Rampage  .   x - +1 pair of gloves
Will    .....                   (boots unavailable)
Stlth   ..........              (no amulet)
HPRegen 0.21/turn               A - +4 ring of protection
MPRegen 0.14/turn               z - +6 ring of strength

@: flying quickly and evasively, glowing, studying Invocations, quick
A: beak, talons 3, nimble flight
a: Renounce Religion, Divine Shield, Cleansing Flame


You were on level 9 of the Dungeon.
You worshipped the Shining One.
The Shining One was greatly pleased with you.
You visited 2 branches of the dungeon, and saw 10 of its levels.
You also visited: Ossuary.

You collected 448 gold pieces.

Inventory:

Hand Weapons
 a - a +0 trident of venom (weapon)
   (You took it off an orc on level 7 of the Dungeon)
 q - a +0 trident of freezing
   (You took it off an orc on level 7 of the Dungeon)
 u - a +0 halberd
   (You took it off a gnoll on level 8 of the Dungeon)
 v - a +0 spear of venom
   (You took it off a gnoll on level 1 of the Dungeon)
Missiles
 i - 16 poisoned darts
 m - a curare-tipped dart
 n - 15 boomerangs
 s - 35 stones
 C - 4 throwing nets (quivered) {!d}
Armour
 g - a +0 plate armour (worn)
   (You found it on level 4 of the Dungeon)
 o - a +0 tower shield (worn)
   (You found it on level 3 of the Dungeon)
 r - a +2 cloak (worn)
   (You found it on level 3 of the Dungeon)
 t - a +1 hat (worn)
   (You found it on level 6 of the Dungeon)
 x - a +1 pair of gloves (worn)
   (You found it on level 8 of the Dungeon)
Magical Staves
 b - a staff of death {rN+}
   (You found it on level 9 of the Dungeon)
Jewellery
 c - a ring of resist corrosion
   (You found it on level 3 of the Dungeon)
 z - a +6 ring of strength (right hand)
   (You took it off a wight on level 8 of the Dungeon)
 A - a +4 ring of protection (left hand)
   (You took it off a kobold on level 2 of the Dungeon)
Wands
 d - a wand of digging (6)
   (You found it on level 3 of the Dungeon)
 j - a wand of polymorph (12)
   (You took it off a wight on level 8 of the Dungeon)
 y - a wand of light (2)
   (You took it off a wight on level 8 of the Dungeon)
Scrolls
 h - 2 scrolls of butterflies
 w - a scroll of identify {@r1}
 D - a scroll of blinking {!r}
 E - a scroll of fear
 K - 4 scrolls of immolation {!r}
 X - a scroll of magic mapping {@r4!r}
 Y - 4 scrolls of teleportation {@r3}
Potions
 p - a potion of might
 B - 4 potions of brilliance
 H - 2 potions of haste
 I - a potion of invisibility
 J - 4 potions of curing {@q1}
 L - 3 potions of flight
 M - 4 potions of magic
 P - a potion of lignification {!q}
 R - a potion of resistance
 T - 2 potions of berserk rage {!q}


   Skills:
 + Level 9.3 Fighting
 * Level 13.8 Polearms
 + Level 7.1 Armour
 - Level 3.2 Dodging
 - Level 2.0 Stealth
 - Level 0.4 Shields
 + Level 3.9 Invocations


You had 10 spell levels left.
You didn't know any spells.
Your spell library contained the following spells:

 Spells                   Type           Power      Damage    Failure   Level
 Scorch                   Fire           0%         2d5       100%        2
 Dazzling Flash           Conj/Hex       0%         N/A       100%        3
 Flame Wave               Conj/Fire      0%         2d4       100%        4
 Hailstorm                Conj/Ice       0%         3d3       100%        4
 Ice Form                 Ice/Tmut       0%         N/A       100%        4
 Agony                    Necr           0%         N/A       100%        5
 Silence                  Hex/Air        0%         N/A       100%        5
 Simulacrum               Ice/Necr       0%         N/A       100%        6
 Summon Cactus Giant      Summ           0%         N/A       100%        6


Dungeon Overview and Level Annotations

Branches:
Dungeon (9/15)             Temple (1/1) D:5         Ossuary (visited)
   Lair: D:8-11         Orc: D:9-12

Altars:
Ashenzari
Cheibriados
Dithmenos
Elyvilon
Fedhas
Gozag
Hepliaklqana
Kikubaaqudgha
Makhleb
Nemelex Xobeh
Okawaru
Qazlal
Ru
Sif Muna
Trog
Vehumet
Wu Jian
Yredelemnul
Zin
The Shining One

Shops:
D:2 [((   D:5 :   D:8 [((

Annotations:
D:6 2 transporters, MisterAzrael's ghost, novice DECj
D:8 3 runed translucent doors, Pooter's ghost, novice MiBe


Innate Abilities, Weirdness & Mutations

You have a beak for a mouth.
You have claws for feet.
Your magical nature lets you fly swiftly and evasively.


Message History

You claw the green ugly thing, but do no damage.
You feel very sick.
The green ugly thing claws you but does no damage.
You take 5 damage, and have 52/71 hp.
You hit the green ugly thing. You claw the green ugly thing.
Your peck misses the green ugly thing.
You feel very sick. The green ugly thing barely misses you.
You take 5 damage, and have 47/71 hp.
You hit the green ugly thing.
You feel very sick.
The green ugly thing claws you but does no damage.
You take 2 damage, and have 45/71 hp.
You hit the green ugly thing.
You claw the green ugly thing, but do no damage.
You feel very sick.
You block the green ugly thing's attack.
You take 3 damage, and have 42/71 hp.
You puncture the green ugly thing!
You kill the green ugly thing!
You feel sick.
You take 2 damage, and have 40/71 hp.
You barely miss the fire elemental.
You claw the fire elemental, but do no damage.
You feel sick. The fire elemental hits you. The fire elemental burns you!
The deep elf pyromancer casts a spell.
The deep elf pyromancer blinks!
The fire elemental hits you. The fire elemental burns you!
You take 7 damage, and have 33/71 hp.
Reach: a) +0 trident (venom)
Okay, then.
You feel sick.
You block the deep elf pyromancer's attack.
You barely miss the deep elf pyromancer.
You feel sick. The fire elemental hits you. The fire elemental burns you!
The deep elf pyromancer hits you but does no damage.
You take 5 damage, and have 28/71 hp.
You puncture the deep elf pyromancer!
You feel sick. You block the fire elemental's attack.
The deep elf pyromancer hits you but does no damage.
The fire elemental barely misses you.
You take 1 damage, and have 27/71 hp.
You hit the deep elf pyromancer but do no damage.
The deep elf pyromancer is poisoned.
You claw the deep elf pyromancer!
You peck the deep elf pyromancer, but do no damage.
You feel sick. The fire elemental hits you. The fire elemental burns you!
* * * LOW HITPOINT WARNING * * *
The deep elf pyromancer mumbles some strange words.
The deep elf pyromancer blinks!
You take 15 damage, and have 12/71 hp.
MASSIVE DAMAGE!!
You feel much better.
You feel sick.
You are no longer poisoned.
You block the fire elemental's attack.
The deep elf pyromancer gestures at you while chanting.
The bolt of fire hits you.
You regained 16 hp, and now have 28/71 hp.
You block the fire elemental's attack.
The deep elf pyromancer casts a spell at you.
The bolt of fire hits you!!
* * * LOW HITPOINT WARNING * * *
You take 22 damage, and have 6/71 hp.
MASSIVE DAMAGE!!
You barely miss the deep elf pyromancer.
You block the fire elemental's attack.
The deep elf pyromancer hits you but does no damage.
The fire elemental hits you. The fire elemental burns you!
* * * LOW HITPOINT WARNING * * *
You take 4 damage, and have 2/71 hp.
You feel much better. You block the fire elemental's attack.
The deep elf pyromancer barely misses you.
You regained 19 hp, and now have 21/71 hp.
Reach: a) +0 trident (venom)
Aim: a fire elemental (summoned, haloed, about 23% to evade your +0 trident of venom)
You completely miss the fire elemental.
You peck the fire elemental, but do no damage.
The fire elemental barely misses you.
The deep elf pyromancer hits you but does no damage.
The fire elemental hits you. The fire elemental burns you!
* * * LOW HITPOINT WARNING * * *
You take 3 damage, and have 18/71 hp.
Reach: a) +0 trident (venom)
Aim: a deep elf pyromancer, wielding a +0 short sword and wearing a +0 ring mail (almost dead, poisoned, haloed, about 23% to evade your +0 trident of venom)
You barely miss the deep elf pyromancer.
The deep elf pyromancer hits you with a +0 short sword.
* * * LOW HITPOINT WARNING * * *
You block the fire elemental's attack.
You take 1 damage, and have 17/71 hp.
Reach: a) +0 trident (venom)
Aim: a deep elf pyromancer, wielding a +0 short sword and wearing a +0 ring mail (almost dead, poisoned, haloed, about 23% to evade your +0 trident of venom)
You hit the deep elf pyromancer but do no damage.
The deep elf pyromancer looks even sicker.
The fire elemental hits you. The fire elemental burns you!
* * * LOW HITPOINT WARNING * * *
The deep elf pyromancer casts a spell.
The deep elf pyromancer blinks!
You take 9 damage, and have 8/71 hp.
The deep elf pyromancer points at you and mumbles some strange words.
The bolt of fire hits you!!
You die...

,,,,,,,+.......# #.......######
,,,,,..#.......#####)............
,,,,...............+.............
****######...#######........#####
* #...#####*############## *****
#...#...°,###........... +,,,*
###.#..☼###....###....#. ***,***
#.#.###...e###...[###, ***,,,*
#.#○#@...###....###,,, ,,+,,,*
#.#.E§.###....###,,,,, ***,,,*
#.#..###....###,,,,*,* *,,,*
#.####....###,,,,***,* *,,,*
#.##....###,,,,***,,,, *
*,,,*****#.....###,,,,***,,,,,,
***,,,*,,,,#..)###,,,,***,,,,**,,
~**,,,,,,,,#.....###,,,,***,,,,,,
,~*,,,,,,,,#.##.°..###,,,,***,..,


You could see a deep elf pyromancer (very poisoned) and a fire elemental
(summoned).

Vanquished Creatures
  A centaur warrior (D:9)
  An ugly thing (D:9)
  A manticore (D:9)
  A troll (D:5)
  A hornet (D:9)
  8 yaks
  A steam dragon (D:8)
  Edmund (D:4)
  3 water moccasins
  An acid dragon (D:9)
  An ice beast (D:5)
  2 orc warriors
  An ogre (D:2)
  2 wolves
  3 phantoms
  2 kobold brigands
  5 gnoll sergeants (D:8)
  3 bullfrogs
  3 scorpions
  9 wights
  6 killer bees (D:7)
  A howler monkey (D:8)
  13 hounds
  A centaur zombie (Ossuary)
  A human zombie (Ossuary)
  2 gnoll boudas (D:8)
  9 orc priests
  2 jellies
  5 orc wizards
  3 iguanas
  4 mummies (Ossuary)
  27 gnolls
  7 adders
  A white imp (D:5)
  A howler monkey simulacrum (D:9)
  4 ufetubi
  A worm zombie (D:4)
  2 worms
  A dart slug (D:1)
  18 orcs
  8 ball pythons
  6 bats
  11 endoplasms
  6 giant cockroaches
  2 gnoll zombies
  5 goblins
  11 hobgoblins
  6 jackals
  2 quokkas
  3 frilled lizards
  A goblin zombie (Ossuary)
  17 kobolds
  4 orc zombies (Ossuary)
  6 rats
247 creatures vanquished.

Vanquished Creatures (others)
  2 orcs (D:7)
  13 plants (D:5)
  2 withered plants (D:8)
17 creatures vanquished.

Grand Total: 264 creatures vanquished

Notes
Turn   | Place    | Note
-------+----------+-------------------------------------------
     0 | D:1      | Bl4cKSa5uke the Tengu Monk began the quest for the Orb.
     0 | D:1      | Reached XP level 1. HP: 14/14 MP: 2/2
   127 | D:1      | Reached XP level 2. HP: 19/19 MP: 3/3
   130 | D:1      | Found a faded altar of an unknown god.
   470 | D:1      | HP: 4/19 [poisoned by a gnoll]
   471 | D:1      | Reached skill level 4 in Polearms
   471 | D:1      | Reached XP level 3. HP: 5/23 MP: 4/4
   479 | D:1      | HP: 5/23 [poisoned by a gnoll]
  1096 | D:2      | Found Agyty's Weapon Emporium.
  1299 | D:2      | Found Zoanuir's Antique Weapon Emporium.
  1309 | D:2      | Found a snail-covered altar of Cheibriados.
  1417 | D:2      | Reached XP level 4. HP: 24/28 MP: 5/5
  1553 | D:2      | Noticed an ogre
  1562 | D:2      | Killed an ogre
  1563 | D:2      | Reached skill level 4 in Fighting
  1563 | D:2      | Reached skill level 5 in Polearms
  1563 | D:2      | Gained mutation: Your magical nature lets you fly swiftly
                  | and evasively. [Tengu growth]
  1563 | D:2      | Reached XP level 5. HP: 14/33 MP: 6/6
  1751 | D:2      | Found Ucoucuc's Antique Armour Shop.
  2150 | D:3      | Reached skill level 6 in Polearms
  2739 | D:4      | Found a sand-covered staircase.
  2749 | D:4      | Reached XP level 6. HP: 39/39 MP: 7/7
  2760 | Ossuary  | Entered an ossuary
  3254 | D:4      | Noticed Edmund
  3268 | D:4      | Killed Edmund
  3269 | D:4      | Reached skill level 5 in Fighting
  3269 | D:4      | Reached skill level 7 in Polearms
  3269 | D:4      | Reached XP level 7. HP: 38/44 MP: 8/8
  4050 | D:5      | Entered Level 5 of the Dungeon
  4424 | D:5      | Noticed a troll
  4433 | D:5      | HP: 2/44 [troll (11)]
  4437 | D:5      | Killed a troll
  4438 | D:5      | Reached skill level 8 in Polearms
  4438 | D:5      | Reached XP level 8. HP: 22/51 MP: 9/9
  4457 | D:5      | Reached skill level 6 in Fighting
  4464 | D:5      | HP: 12/51 [hound (1)]
  4474 | D:5      | HP: 7/51 [phantom (4)]
  4477 | D:5      | Reached skill level 9 in Polearms
  4768 | D:5      | Noticed a yak
  4782 | D:5      | Killed a yak
  5154 | D:5      | Found Bapuzog's Book Boutique.
  5376 | D:5      | Found a staircase to the Ecumenical Temple.
  5381 | Temple   | Entered the Ecumenical Temple
  5627 | D:5      | Reached skill level 1 in Armour
  5707 | Temple   | Became a worshipper of the Shining One
  5707 | Temple   | Reached * piety under the Shining One
  5707 | Temple   | Reached ** piety under the Shining One
  5880 | D:6      | Found a broken altar of Ashenzari.
  5881 | D:6      | Found a bloodstained altar of Trog.
  6013 | D:6      | Reached skill level 10 in Polearms
  6041 | D:6      | Found a sacrificial altar of Ru.
  6141 | D:6      | Reached skill level 2 in Armour
  6161 | D:6      | Found a transporter.
  6163 | D:6      | Found a transporter.
  6164 | D:6      | Noticed MisterAzrael's ghost (novice DECj)
  6234 | D:6      | Found a white marble altar of Elyvilon.
  6469 | D:7      | Reached XP level 9. HP: 56/56 MP: 10/10
  6473 | D:7      | Found a radiant altar of Vehumet.
  6478 | D:7      | Reached skill level 7 in Fighting
  6692 | D:7      | Reached skill level 3 in Armour
  7093 | D:7      | HP: 14/57 [orc priest/divine providence (15)]
  7102 | D:7      | HP: 11/57 [orc priest/+0 club (1)]
  7107 | D:7      | HP: 8/57 [poisoned by an orc]
  7110 | D:7      | Reached skill level 11 in Polearms
  7112 | D:7      | HP: 14/85 [poisoned by an orc]
  7413 | D:7      | Found a shadowy altar of Dithmenos.
  7740 | D:8      | Reached *** piety under the Shining One
  7802 | D:8      | Reached skill level 4 in Armour
  7920 | D:8      | Found a runed translucent gate.
  7920 | D:8      | Found a runed translucent gate.
  7920 | D:8      | Found an opulent altar of Gozag.
  7947 | D:7      | Reached skill level 8 in Fighting
  7949 | D:7      | HP: 14/59 [killer bee (6)]
  7959 | D:7      | Reached skill level 12 in Polearms
  7959 | D:7      | Reached XP level 10. HP: 16/64 MP: 11/11
  7961 | D:7      | Reached skill level 5 in Armour
  8921 | D:8      | Found Ficaora's Antique Armour Shoppe.
  8958 | D:8      | Found an ancient bone altar of Kikubaaqudgha.
  9129 | D:8      | Found a runed translucent gate.
  9134 | D:8      | Noticed a cyclops
  9134 | D:8      | Noticed Pooter's ghost (novice MiBe)
  9142 | D:8      | Noticed a centaur warrior
  9363 | D:8      | Found Orruuj's Weapon Shop.
  9378 | D:8      | Found Cugriom's Antique Weapon Shop.
  9462 | D:8      | Reached **** piety under the Shining One
  9768 | D:8      | Reached skill level 6 in Armour
  9847 | D:8      | Reached skill level 13 in Polearms
 10144 | D:9      | Reached skill level 1 in Invocations
 10492 | D:9      | Noticed a manticore
 10492 | D:9      | Noticed a boulder beetle
 10509 | D:9      | Reached skill level 2 in Invocations
 10512 | D:9      | Reached skill level 9 in Fighting
 10518 | D:9      | Killed a manticore
 10526 | D:9      | Reached skill level 3 in Invocations
 10526 | D:9      | Reached XP level 11. HP: 27/71 MP: 12/14
 10572 | D:9      | Noticed a centaur warrior
 10588 | D:9      | Killed a centaur warrior
 10589 | D:9      | Reached skill level 7 in Armour
 10855 | D:9      | Noticed a green ugly thing
 10855 | D:9      | Noticed a deep elf pyromancer
 10866 | D:9      | Killed a green ugly thing
 10871 | D:9      | HP: 12/71 [fire elemental[a deep elf pyromancer] (14)]
 10874 | D:9      | HP: 2/71 [fire elemental[a deep elf pyromancer] (4)]
 10879 | D:9      | Killed from afar by a deep elf pyromancer

Illustrated notes

Levels and vault maps discovered:
D:1:      dpeg_arrival_orchard, layout_basic,
          shapermc_ecumenical_altar_mp_urbaneastern, minmay_surrounded
D:2:      layout_loops_ring, basic_altar, serial_shops, shop,
          nicolae_shop_crystal, nicolae_diamond_shop
D:3:      layout_rooms
D:4:      layout_loops_cross, enter_ossuary_3, minmay_misc_feat_rows,
          kennysheep_cross_bottleneck, lightli_corner_chamber, uniq_edmund
D:5:      wad_lake_hut, layout_basic, minmay_temple_entry_nine_rooms,
          serial_shops, nicolae_shop_temple_entry_statues_fountains,
          minmay_manual_macuahuitl
D:6:      layout_cave_pools, kennysheep_mini,
          mainiacjoe_overflow_catwalk_spiral, nicolae_elyvilon_temple_path,
          gammafunk_ghost_hive
D:7:      layout_loops_ring, grunt_dithmenos_smoke_and_mirrors,
          fiery_altar_vehumet
D:8:      layout_cave_pools, kiku_gazebo_garden_becter, serial_shops,
          nicolae_shop_bloodbath_and_beyond,
          nicolae_shop_competitors_out_of_business, shop, serial_gnoll_camp,
          gnoll_camp_mini_sergeant, gnoll_camp_mini_loothouse,
          gnoll_camp_mini_basic, gnoll_camp_mini_hut, gnoll_camp_medium_01,
          gnoll_camp_huts_basic, ebering_ghost_gozag
D:9:      minmay_tri_box, layout_basic, xom_redecorated
Temple:   cyrus_circular_temple

Skill      XL: |  1  2  3  4  5  6  7  8  9 10 11 |
---------------+----------------------------------+-----
Polearms       | 4 5 6 7 8 10 12 13 | 13.8
Fighting       | 4 5 6 8 9 |  9.3
Armour         | 2 4 6 7 |  7.1
Invocations    | 3 |  3.9
Dodging        | |  3.2
Stealth        | |  2.0
Shields        | |  0.4

Action                   |  1- 3 |  4- 6 |  7- 9 | 10-12 || total
-------------------------+-------+-------+-------+-------++-------
Melee: Spear             |    76 |   161 |   178 |       ||   415
       Kick              |    12 |    45 |   100 |    68 ||   225
       Peck              |    10 |    37 |    51 |    48 ||   146
       Trident           |       |       |   108 |   250 ||   358
Throw: Stone             |     8 |    20 |    10 |    11 ||    49
       Dart              |       |     8 |    41 |       ||    49
  Use: Potion            |     2 |     1 |     8 |     2 ||    13
       Scroll            |       |     9 |     4 |     6 ||    19
Armor: Chain mail        |    35 |    49 |    16 |       ||   100
       Plate armour      |       |       |   133 |   153 ||   286
       Skin              |       |       |     8 |       ||     8
Dodge: Dodged            |    14 |     6 |    15 |    37 ||    72
Block: Tower shield      |       |    65 |   138 |   173 ||   376
       Kite shield       |       |     1 |       |       ||     1

Table legend: (Time is in decaauts)
 A = Elapsed time spent in this place.
 B = Non-inter-level travel time spent in this place.
 C = Inter-level travel time spent in this place.
 D = Time resting spent in this place.
 E = Time spent auto-exploring this place.
 F = Levels seen in this place.
 G = Mean time per level.
                   A        B        C        D        E       F      G
               +--------+--------+--------+--------+--------+-----+--------+
         Total |  10501 |  10153 |    348 |   1589 |   6725 |  11 |  954.6 |
       Dungeon |  10099 |   9751 |    348 |   1584 |   6523 |   9 | 1122.1 |
        Temple |     69 |     69 |      0 |      0 |     37 |   1 |   69.0 |
       Ossuary |    333 |    333 |      0 |      5 |    163 |   1 |  333.0 |
               +--------+--------+--------+--------+--------+-----+--------+

Top non-repeatable levels by time:
     D:7: 2001 daAuts
     D:5: 1640 daAuts
     D:8: 1360 daAuts
     D:1: 1081 daAuts
     D:9: 963 daAuts
     D:4: 926 daAuts
     D:2: 909 daAuts
     D:3: 684 daAuts
     D:6: 532 daAuts
 Ossuary: 333 daAuts
  Temple: 69 daAuts

Table legend:
 A = Kills in this place as a percentage of kills in entire the game.
 B = Kills by you in this place as a percentage of kills by you in the entire game.
 C = Kills by friends in this place as a percentage of kills by friends in the entire game.
 D = Other kills in this place as a percentage of other kills in the entire game.
 E = Experience gained in this place as a percentage of experience gained in the entire game.
 F = Experience gained in this place divided by the number of levels of this place that you have seen.
                   A       B       C       D       E      F
               +-------+-------+-------+-------+-------+----------------------
         Total | 100.0 | 100.0 |   N/A |   N/A | 100.0 | 966.4
       Dungeon |  95.1 |  95.1 |   N/A |   N/A |  98.5 | 1163.1
       Ossuary |   4.9 |   4.9 |   N/A |   N/A |   1.5 | 162.0
               +-------+-------+-------+-------+-------+----------------------
